AoeStats
← DK_Odysseo

Nomad

507142483Analyzed
4v4 RM · 15d ago on Sep 16, 2026· 48m 3s· 8 players
Game mode
Random Map
Map size
231×231
Population
200
Speed
Normal
Resources
Standard
Victory
Conquest
Starting age
Dark Age
Ending age
Imperial Age
RankedLock teamsTeams togetherTeam positionsShared explorationLock speedFull tech treeHidden civsTurbo modeCheats
Victory
Defeat
🇪🇸 Shu · Spain
1680
+11
🇪🇸 Armenians · Spain
1614
+13
🇪🇸 Japanese · Spain
1561
+15
🇪🇸 Spanish · Spain
1510
+17
🇨🇳 Inca · China
1579
-15
🇦🇷 Goths · Argentina
1556
-14
🇦🇷 Portuguese · Argentina
1537
-14
🇦🇷 Dravidians · Argentina
1523
-13
FutureEwe5582
3:16 Loom
12:31 Feudal Age
16:07 Castle Age
14:44 Double-Bit Axe
16:50 Wheelbarrow
17:02 Bow Saw
21:06 Horse Collar
21:55 Heavy Plow
30:01 Imperial Age
27:29 Gold Mining
27:48 Scale Mail Armor
27:53 Pikeman
28:58 Chain Mail Armor
29:13 Squires
29:50 Forging
30:29 Anarchy
31:31 Iron Casting
30:50 Stone Mining
30:55 Halberdier
32:50 Chemistry
32:55 Two-Man Saw
34:12 Hand Cart
35:15 Blast Furnace
36:41 Man-at-Arms
37:32 Long Swordsman
38:28 Fletching
38:59 Ballistics
38:25 Two-Handed Swordsman
39:22 Town Watch
40:02 Masonry
39:18 Champion
41:23 Conscription
44:41 Stone Shaft Mining
45:17 Town Patrol
cakinho9 (el chambas)
4:38 Loom
13:10 Feudal Age
13:56 Double-Bit Axe
18:33 Wheelbarrow
22:58 Castle Age
24:07 Medium Warships
24:15 Bow Saw
25:42 Careening
26:36 Clinker Construction
29:07 Fletching
31:04 Bodkin Arrow
31:09 Padded Archer Armor
31:12 Fishing Lines
32:04 Elite Skirmisher
34:36 Ballistics
34:11 Gold Mining
36:34 Gillnets
37:29 Hand Cart
36:59 Town Watch
38:25 Horse Collar
39:33 Heavy Plow
40:45 Leather Archer Armor
41:13 Thumb Ring
45:43 Imperial Age
46:31 Bracer
47:35 Chemistry
48:06 Ring Archer Armor
47:57 Elite Elephant Archer
GONZALO MONTIEL
5:38 Loom
6:26 Loom
14:49 Feudal Age
18:41 Castle Age
35:21 Horse Collar
35:42 Double-Bit Axe
39:23 Bow Saw
41:16 Wheelbarrow
40:41 Town Watch
41:26 Heavy Plow
42:33 Scale Barding Armor
42:39 Forging
43:36 Chain Barding Armor
44:55 Iron Casting
44:48 Bloodlines
44:39 Husbandry
45:41 Hand Cart
Bz_青红
11:07 Loom
13:24 Feudal Age
17:07 Castle Age
15:31 Double-Bit Axe
16:20 Horse Collar
17:05 Town Watch
19:45 Fletching
32:33 Bow Saw
32:24 Heavy Plow
35:13 Fortified Wall
38:40 Wheelbarrow
41:28 Hand Cart
47:24 Imperial Age
44:56 Scale Mail Armor
45:44 Andean Sling
46:07 Chain Mail Armor
46:04 Forging
48:28 Iron Casting
DK_Nightclaim
5:17 Loom
12:25 Feudal Age
12:58 Double-Bit Axe
22:33 Castle Age
22:05 Horse Collar
23:33 Medium Warships
25:07 Fletching
29:41 Bodkin Arrow
30:38 Heavy Plow
32:42 Squires
32:46 Scale Mail Armor
32:56 Forging
33:46 Wheelbarrow
38:10 Imperial Age
36:17 Chain Mail Armor
38:55 Iron Casting
38:52 Bow Saw
38:42 Gold Mining
39:36 Plate Mail Armor
39:04 Arson
40:00 Conscription
41:35 Elite Samurai
43:12 Town Watch
43:43 Hand Cart
45:02 Blast Furnace
48:25 Coinage
DK_Dani
5:37 Loom
14:24 Feudal Age
17:59 Castle Age
16:33 Stone Mining
18:34 Fishing Lines
29:37 Medium Warships
31:13 Redemption
33:26 Town Watch
34:11 Sanctity
34:01 Fervor
34:17 Gillnets
38:25 Double-Bit Axe
38:22 Horse Collar
39:45 Wheelbarrow
43:22 Bow Saw
43:23 Heavy Plow
DK_Exmerior
5:02 Loom
12:43 Feudal Age
17:09 Castle Age
15:17 Double-Bit Axe
18:50 Bow Saw
19:19 Gold Mining
20:27 Wheelbarrow
19:46 Fletching
21:30 Bodkin Arrow
22:13 Horse Collar
24:01 Heavy Plow
25:24 Padded Archer Armor
32:07 Imperial Age
31:31 Hand Cart
33:06 Leather Archer Armor
33:22 Conscription
33:03 Bracer
34:21 Chemistry
36:43 Gold Shaft Mining
35:58 Stone Mining
36:44 Ballistics
39:15 Ring Archer Armor
38:56 Masonry
38:47 Town Watch
40:30 Hoardings
40:16 Elite Composite Bowman
41:04 Scale Barding Armor
41:09 Forging
41:32 Capped Ram
43:28 Siege Ram
46:27 Chain Barding Armor
46:42 Iron Casting
47:12 Light Cavalry
48:03 Bloodlines
DK_Odysseo
5:08 Loom
13:29 Feudal Age
14:06 Double-Bit Axe
15:52 Fletching
19:58 Castle Age
20:03 Fishing Lines
21:05 Bow Saw
22:24 Gillnets
23:40 Bodkin Arrow
23:59 Medium Warships
28:10 Wheelbarrow
27:20 Town Watch
28:13 Gold Mining
28:14 Stone Mining
30:29 Hand Cart
32:56 Imperial Age
31:33 Man-at-Arms
32:14 Squires
32:15 Scale Mail Armor
32:25 Forging
32:20 Gambesons
32:43 Long Swordsman
34:03 Chain Mail Armor
33:24 Two-Handed Swordsman
35:06 Champion
35:29 Capped Ram
37:34 Plate Mail Armor
38:08 Conscription
40:19 Onager
40:33 Pikeman
41:17 Halberdier
44:34 Bolt Magazine
45:21 Siege Engineers
46:17 Chemistry
45:28 Masonry
Connection lost

Rejoining the realm…

Still unreachable

The connection could not be restored.

Session expired

The server has moved on; the page needs a fresh start.